 Dungeon Crawl Stone Soup version 0.28-a0-803-g74956062c1 (webtiles) character file.

Game seed: 10498146399150915611

22 BinkBink the Grave Robber (level 2, -1/19 HPs)
             Began as a Mummy Necromancer on Nov 7, 2021.
             Slain by an adder (2 damage)
             ... on level 2 of the Dungeon.
             The game lasted 00:05:13 (1239 turns).

BinkBink the Grave Robber (Mummy Necromancer)       Turns: 1239, Time: 00:05:14

Health: -1/19      AC:  2    Str: 11    XL:     2   Next: 68%
Magic:  0/6        EV: 12    Int: 14    God:
Gold:   39         SH:  0    Dex: 12    Spells: 5/7 levels left

rFire   x . .      SeeInvis .   (no weapon)
rCold   + . .      Faith    .   (no shield)
rNeg    + + +      Spirit   .   a - +0 robe
rPois   ∞          Reflect  .   (no helmet)
rElec   .          Harm     .   (no cloak)
rCorr   .          Rampage  .   (no gloves)
Will    .....                   (no boots)
Stlth   ++........              (no amulet)
HPRegen 0.06/turn               (no ring)
MPRegen 0.10/turn               (no ring)

@: no status effects
A: cold resistance 1, negative energy resistance 3, torment resistance 2, heat
vulnerability 1, no potions
a: no special abilities


You were on level 2 of the Dungeon.
You visited 1 branch of the dungeon, and saw 3 of its levels.

You collected 39 gold pieces.

Inventory:

Hand Weapons
 e - a +0 short sword
 f - a +0 club
Armour
 a - a +0 robe (worn)
Scrolls
 b - 2 scrolls of identify {unknown}
 c - a scroll of summoning {unknown}
 d - a scroll of brand weapon {unknown}
 g - a scroll of enchant weapon {unknown}


   Skills:
 - Level 1.5 Dodging
 - Level 1.5 Stealth
 + Level 3.1 Spellcasting
 + Level 4.6 Necromancy


You had 5 spell levels left.
You knew the following spells:

 Your Spells              Type           Power      Damage    Failure   Level
a - Pain                  Necr           60%        1d7       3%          1
b - Animate Skeleton      Necr           30%        N/A       3%          1

Your spell library contained the following spells:

 Spells                   Type           Power      Damage    Failure   Level
 Vampiric Draining        Necr           15%        2d7       10%         3
 Animate Dead             Necr           7%         N/A       30%         4
 Ensorcelled Hibernation  Hex/Ice        4%         N/A       32%         2
 Agony                    Necr           15%        N/A       65%         5
 Spider Form              Tmut/Pois      Unusable   N/A       N/A         3

Dungeon Overview and Level Annotations

Branches:
Dungeon (3/15)

Altars:

Annotations:
D:2 Jessica


Innate Abilities, Weirdness & Mutations

You are immune to poison.
Your flesh is cold resistant. (rC+)
You are immune to negative energy. (rN+++)
You are immune to unholy pain and torment.
You are vulnerable to heat. (rF-)
You do not drink.


Message History

The adder closely misses you. The adder bites you. The adder barely misses you.
The adder bites you.
The adder writhes in agony.
The adder barely misses you. The adder closely misses you. The adder bites you.
You can't drink.
There is a stone staircase leading down here.
The adder bites you but does no damage.
You climb downwards.
Found a stone staircase leading down.
There is a stone staircase leading up here.
The adder barely misses you.
You climb upwards.
Level annotation: Jessica
There is a stone staircase leading down here.
You are too injured to fight recklessly!
Casting: Pain (safe; 3% risk of failure)
Confirm with . or Enter, or press ? or * to list all spells.
Aiming: Pain (safe; 3% risk of failure)
Press: ? - help, Shift-Dir - straight line, f - adder
Aim: an adder (heavily wounded, chance to affect: 80%)
The adder writhes in agony.
The adder completely misses you. The adder bites you.
* * * LOW HITPOINT WARNING * * *
The adder completely misses you. The adder bites you.
* * * LOW HITPOINT WARNING * * *
The adder bites you.
* * * LOW HITPOINT WARNING * * *
Casting: Pain (safe; 3% risk of failure)
Confirm with . or Enter, or press ? or * to list all spells.
You attempt to give life to the dead...
Before your eyes, flesh is ripped from the corpse!
The dead are walking!
The adder closely misses you. The adder bites you.
* * * LOW HITPOINT WARNING * * *
The adder bites you.
You die...

##...............
.........>.....#
.........###...
#######......#
#.##...#####
#....#..$..# #######
###....####
#.....###.......# #.
#...@S..Z..####.## #.
#...........#####..###.
###.......####.........
#######.# #.####....
#.# ##>####..#. #.#
#..##......
#.###.##....##.
#.........#.##.
.......#..##...#.###


You could see an adder (ally target) and a friendly goblin skeleton.

Vanquished Creatures
  2 dart slugs (D:1)
  A ball python (D:1)
  A goblin (D:2)
  2 hobgoblins
  3 jackals (D:1)
  A kobold (D:2)
  A quokka (D:2)
  2 bats
  2 frilled lizards
  A rat (D:1)
16 creatures vanquished.

Vanquished Creatures (collateral kills)
  A frilled lizard (D:2)
1 creature vanquished.

Vanquished Creatures (others)
  A plant (D:1)
1 creature vanquished.

Grand Total: 18 creatures vanquished

Notes
Turn   | Place    | Note
-------+----------+-------------------------------------------
     0 | D:1      | BinkBink the Mummy Necromancer began the quest for the Orb.
     0 | D:1      | Reached XP level 1. HP: 13/13 MP: 4/4
   262 | D:1      | Reached XP level 2. HP: 3/19 MP: 0/5
   631 | D:1      | Found a faded altar of an unknown god.
   976 | D:1      | Learned a level 1 spell: Animate Skeleton
  1092 | D:2      | Noticed Jessica
  1239 | D:2      | Slain by an adder

Illustrated notes

Levels and vault maps discovered:
D:1:      erik_arrival_triangle_medium, layout_basic,
          shapermc_ecumenical_altar_gd, serial_curves, eino_curves_02,
          eino_curves_03
D:2:      layout_rooms, uniq_sigmund, uniq_jessica
D:3:      cheibrodos_thug_alley, layout_basic,
          nicolae_hepliaklqana_monster_ancestors,
          mainiacjoe_overflow_concentric_impassable

Skill      XL: |  1  2 |
---------------+-------+-----
Spellcasting   | 3 |  3.1
Dodging        | |  1.5
Stealth        | |  1.5
Necromancy     | |  4.6

Action                   || total
-------------------------++-------
Melee: Unarmed           ||    16
 Cast: Pain              ||    45
       Animate Skeleton  ||     2
Armor: Robe              ||    12
Dodge: Dodged            ||    33

Table legend: (Time is in decaauts)
 A = Elapsed time spent in this place.
 B = Non-inter-level travel time spent in this place.
 C = Inter-level travel time spent in this place.
 D = Time resting spent in this place.
 E = Time spent auto-exploring this place.
 F = Levels seen in this place.
 G = Mean time per level.
                   A        B        C        D        E       F      G
               +--------+--------+--------+--------+--------+-----+--------+
         Total |   1239 |   1199 |     40 |      0 |    966 |   3 |  413.0 |
       Dungeon |   1239 |   1199 |     40 |      0 |    966 |   3 |  413.0 |
               +--------+--------+--------+--------+--------+-----+--------+

Top non-repeatable levels by time:
     D:1: 977 daAuts
     D:2: 260 daAuts
     D:3: 1 daAuts
